Map: 2000 Atmospheres LE

Players

Scarlett

  • Race: Zerg Zerg

Epic - Winner!

  • Race: Terran Terran
  • League: Grandmaster

Event: DreamHack SC2 Masters 2021 Summer

VOD

Have the link to the VOD?

Description

Time

  • Played on: May 25, 2021, 5:16 p.m.
  • Length: 10:34

All games in this series

Show
View Real Time Build Order
Export as new Build Order

Scarlett Zerg 

Build Orders: Hatch First, Lurkers 

Get SALT Encoding   

  12  0:00  Drone  
  13  0:12  Overlord  
  13  0:16  Drone  
  14  0:30  Drone x2  
  16  0:46  Hatchery  
  16  0:49  Drone  
  16  0:54  Drone  
  16  0:56  Drone  
  18  1:08  Extractor  
  17  1:12  Spawning Pool  
  17  1:15  Drone  
  17  1:18  Drone  
  18  1:27  Drone  
  19  1:38  Drone  
  20  1:50  Drone  
  21  1:58  Queen x2  
  21  2:00  Zergling x4  
  27  2:09  Drone  
  27  2:10  Overlord  
  28  2:20  Hatchery  
  28  2:22  Drone  
  29  2:30  Drone  
  29  2:31  Metabolic Boost  
  29  2:37  Drone x2  
  29  2:41  Drone  
  32  2:44  Overlord  
  32  2:50  Queen  
  34  2:56  Drone x2  
  36  3:07  Drone  
  36  3:08  Drone x3  
  36  3:10  Queen  
  42  3:13  Overlord  
  42  3:17  Drone x2  
  44  3:31  Drone, Queen  
  44  3:33  Overlord  
  44  3:34  Queen  
  47  3:40  Drone  
  47  3:41  Drone x3  
  53  3:43  Zergling x2  
  53  3:44  Zergling x2  
  55  3:50  Overlord  
  55  3:51  Zergling x2  
  56  4:00  Queen  
  56  4:01  Drone  
  56  4:02  Drone x4  
  62  4:10  Zergling x6  
  62  4:13  Queen  
  62  4:14  Queen  
  69  4:17  Drone x2  
  69  4:22  Overlord  
  69  4:23  Drone x2  
  73  4:29  Overlord  
  73  4:35  Overlord  
  73  4:40  Hatchery, Overlord  
  73  4:41  Zergling x4  
  74  4:47  Drone x5  
  79  5:03  Drone x8  
  79  5:05  Lair  
  87  5:07  Evolution Chamber  
  87  5:09  Evolution Chamber  
  87  5:12  Zergling x2  
  86  5:15  Extractor  
  86  5:16  Extractor x2  
  86  5:17  Extractor  
  80  5:23  Drone x6  
  80  5:26  Drone x2  
  84  5:29  Extractor  
  84  5:30  Drone x3  
  86  5:35  Drone  
  86  5:36  Drone x3, Zerg Ground Armor Level 1, Zerg Melee Weapons Level 1  
  90  5:45  Zergling x4  
  90  5:46  Zergling x6  
  95  5:54  Zergling x8  
  91  6:05  Drone x6  
  91  6:10  Drone x2  
  99  6:12  Baneling Nest  
  99  6:14  Drone x2  
  99  6:15  Drone  
  101  6:19  Drone  
  101  6:20  Spore Crawler  
  101  6:22  Hydralisk Den  
  101  6:23  Drone  
  101  6:25  Hatchery  
  100  6:29  Queen  
  101  6:34  Zergling x4  
  101  6:35  Overlord  
  101  6:36  Overlord  
  99  6:49  Overlord  
  99  6:53  Muscular Augments  
  99  6:55  Drone x3  
  99  6:56  Drone  
  99  6:57  Drone x8  
  111  7:02  Centrifical Hooks  
  111  7:07  Hydralisk x4  
  119  7:09  Overlord x2  
  119  7:17  Hatchery, Overlord  
  118  7:29  Infestation Pit  
  117  7:30  Drone x4  
  117  7:31  Zerg Ground Armor Level 2, Zerg Melee Weapons Level 2  
  117  7:34  Hydralisk x3  
  127  7:40  Zergling x12  
  133  7:52  Drone x5  
  133  7:53  Drone x4  
  133  7:55  Extractor  
  133  7:56  Extractor  
  133  7:58  Baneling x4, Zergling x2  
  139  7:59  Zergling x16  
  139  8:05  Grooved Spines, Lurker Den  
  147  8:06  Hive  
  147  8:09  Zergling x2, Spore Crawler  
  147  8:10  Zergling x6  
  147  8:12  Overlord x4  
  139  8:36  Zergling x10  
  139  8:37  Zergling x36  
  139  8:38  Baneling x15  
  139  8:39  Overseer  
  162  8:44  Zergling x10  
  162  8:48  Baneling x9  
  165  8:50  Overlord  
  157  9:14  Overlord x3  
  145  9:22  Overlord x6  
  141  9:26  Seismic Spines  
  141  9:29  Hatchery, Overlord  
  137  9:41  Zergling x30  
  144  9:45  Lurker x2  
  144  9:46  Lurker x3  
  132  10:00  Zergling x10  
  132  10:06  Hydralisk  
  133  10:11  Zergling x20  
  118  10:24  Lurker  
Show
View Real Time Build Order
Export as new Build Order

Epic Terran - Winner!

Build Orders: Reaper Expand 

Get SALT Encoding   

  12  0:00  SCV  
  13  0:12  SCV  
  14  0:17  Supply Depot  
  14  0:24  SCV  
  15  0:38  SCV  
  15  0:40  Barracks  
  16  0:43  Refinery  
  16  0:50  SCV  
  17  1:03  SCV  
  18  1:15  SCV  
  19  1:26  Reaper  
  19  1:27  Orbital Command  
  20  1:37  Command Center  
  20  1:44  Supply Depot  
  20  1:53  SCV  
  21  1:58  Marine  
  22  2:05  SCV  
  23  2:09  Factory  
  23  2:17  SCV  
  23  2:19  Barracks Reactor  
  24  2:29  SCV  
  25  2:37  Command Center  
  25  2:41  SCV  
  26  2:47  Refinery  
  26  2:49  Orbital Command  
  26  2:53  SCV  
  26  2:58  Starport  
  27  3:05  SCV  
  27  3:07  Hellion  
  27  3:10  Hellion  
  32  3:15  SCV  
  32  3:18  SCV  
  34  3:20  Marine  
  35  3:27  SCV  
  35  3:29  Hellion  
  35  3:30  SCV  
  35  3:31  Hellion  
  41  3:36  Viking  
  43  3:42  SCV  
  43  3:43  Supply Depot  
  43  3:44  SCV  
  43  3:47  Barracks Tech Lab  
  45  3:50  Orbital Command  
  45  3:54  SCV  
  46  3:56  SCV  
  46  3:59  Hellion  
  49  4:06  Stimpack  
  49  4:07  SCV  
  49  4:08  SCV  
  51  4:11  Liberator  
  51  4:14  Supply Depot  
  54  4:20  SCV x3  
  54  4:23  Barracks  
  57  4:29  Barracks  
  57  4:33  SCV x2  
  57  4:37  Engineering Bay  
  57  4:38  Orbital Command  
  59  4:39  Engineering Bay  
  59  4:40  Factory Reactor  
  59  4:45  SCV x2  
  61  4:53  Refinery  
  61  4:55  Refinery  
  61  4:56  Starport Reactor  
  61  4:58  SCV x2  
  63  5:01  Marine  
  63  5:06  Barracks  
  64  5:07  Barracks  
  64  5:08  SCV  
  64  5:10  SCV x2  
  64  5:12  Terran Infantry Armor Level 1, Terran Infantry Weapons Level 1  
  64  5:13  Marine x2  
  69  5:19  Marine  
  69  5:20  SCV  
  71  5:22  SCV  
  61  5:29  Marine x2  
  61  5:30  Factory Tech Lab, SCV  
  61  5:31  Marine  
  61  5:32  SCV  
  61  5:33  Supply Depot x2  
  61  5:34  SCV, Medivac  
  69  5:40  Medivac  
  69  5:42  SCV  
  72  5:44  Marine x2  
  72  5:45  SCV  
  72  5:46  SCV, Marine  
  72  5:47  Marine  
  72  5:49  Marine  
  77  5:55  Siege Tank  
  77  5:56  SCV  
  77  5:57  SCV  
  81  5:58  SCV  
  81  6:00  Barracks Reactor  
  81  6:01  Barracks Reactor  
  82  6:07  Marine x2  
  82  6:08  Marine x3  
  82  6:09  SCV x2  
  82  6:10  SCV  
  90  6:12  Supply Depot  
  90  6:15  Medivac, Supply Depot  
  92  6:21  SCV  
  92  6:23  Supply Depot  
  93  6:33  Marine x5  
  93  6:34  SCV x2  
  93  6:36  Medivac  
  93  6:37  Barracks  
  102  6:41  Barracks, Siege Tank  
  102  6:43  Barracks  
  102  6:47  Marine  
  102  6:48  Marine x3  
  102  6:51  Marine x4  
  109  6:56  Supply Depot  
  109  6:57  Supply Depot  
  109  6:58  Medivac  
  109  6:59  Armory  
  111  7:04  Marine  
  111  7:05  Marine x4  
  111  7:07  Combat Shield  
  116  7:09  Marine  
  116  7:13  Supply Depot  
  117  7:17  Marine x3  
  117  7:18  Medivac  
  117  7:19  Siege Tank  
  117  7:22  Marine, Supply Depot x2  
  126  7:23  Marine x3  
  126  7:25  Supply Depot  
  129  7:31  Marine x4  
  129  7:34  Marine  
  129  7:35  Marine x3  
  137  7:46  Medivac  
  137  7:47  Marine x4, Medivac  
  137  7:49  Marine x4  
  149  7:52  Marine  
  149  7:53  Marine  
  149  7:55  Terran Infantry Weapons Level 2  
  150  8:05  Marine x6  
  156  8:06  Marine, Supply Depot x2  
  156  8:07  Marine  
  158  8:17  Siege Tank  
  158  8:18  Marine x4  
  165  8:26  Supply Depot x2  
  165  8:27  Marine x4  
  164  8:34  Medivac x2  
  164  8:40  Marine x8  
  176  8:43  Factory  
  176  8:45  Marine  
  176  8:47  Supply Depot  
  177  8:53  Marine x3  
  180  8:58  Marine x5  
  185  9:06  Siege Tank  
  185  9:08  Marine x4  
  192  9:11  Marine x3  
  185  9:17  Marine x4  
  185  9:18  Marine  
  185  9:21  Medivac  
  188  9:25  Marine  
  188  9:26  Marine x2  
  186  9:32  Factory Tech Lab  
  186  9:36  Marine x9  
  195  9:43  Marine x3  
  193  9:47  Siege Tank  
  192  9:54  Marine x8  
  195  10:04  Marine x4  
  197  10:12  Marine x8  
Tags
 
Add a new tag
Caveats
  • Supply blocks, unpowered buildings, or Contaminate may cause inaccurate times.
  • Supply counts are checked every 10 seconds.